 Dungeon Crawl Stone Soup version 0.31-a0-986-g5e6e4ef867 (webtiles) character file.

Game seed: 16192962019869542049

23 Jeffwins the Conjurer (level 2, -1/27 HPs)
             Began as a Troll Conjurer on Nov 25, 2023.
             Slain by Sigmund
             ... wielding a +0 scythe
              (11 damage)
             ... on level 2 of the Dungeon.
             The game lasted 00:01:16 (458 turns).

Jeffwins the Conjurer (Troll Conjurer)               Turns: 458, Time: 00:01:17

Health: -1/27      AC:  4    Str: 14    XL:     2   Next: 75%
Magic:  2/2        EV:  9    Int: 14    God:
Gold:   72         SH:  0    Dex:  8    Spells: 2/3 levels left

rFire   . .          .
                       - Unarmed
rCold   . . .        (no shield)
rNeg    + . .        a - +0 robe
rPois   .            (helmet restricted)
rElec   .            (no cloak)
rCorr   .            (gloves unavailable)
SInv    .            (boots unavailable)
Will    .....        (no amulet)
Stlth   +            N - ring of positive energy
HPRegen 1.04/turn    (no ring)
MPRegen 0.08/turn

%: no passive effects
@: no status effects
A: large, unfitting armour, claws 3, regeneration 1, shaggy fur 1, tough skin 1
a: no special abilities


You were on level 2 of the Dungeon.
You visited 1 branch of the dungeon, and saw 2 of its levels.

You collected 72 gold pieces.


Innate Abilities, Weirdness & Mutations

You are too large for most types of armour.
You have claws for hands.
Your natural rate of healing is unusually fast.
You are covered in fur. (AC +1)
You have tough skin. (AC +1)


   Skills:
 + Level 1.0 Fighting
 - Level 1.5 Dodging
 - Level 1.0 Stealth
 * Level 2.0 Unarmed Combat
 - Level 1.2 Spellcasting
 - Level 3.0 Conjurations


You had 2 spell levels left.
You knew the following spells:

 Your Spells              Type           Power      Damage    Failure   Level
z - Magic Dart            Conj           36%        1d4       8%          1

Your spell library contained the following spells:

 Spells                   Type           Power      Damage    Failure   Level
 Searing Ray              Conj           18%        2d5       12%         2
 Dazzling Flash           Conj/Hex       10%        N/A       38%         3
 Fulminant Prism          Conj/Hex       2%         3d5       80%         4
 Iskenderun's Mystic Bla  Conj/Tloc      5%         2d3       80%         4
 Alistair's Intoxication  Tmut/Pois      0%         N/A       100%        5
 Borgnjor's Vile Clutch   Necr/Erth      0%         N/A       100%        5
 Eringya's Noxious Bog    Tmut/Pois      0%         4d6       100%        6

Inventory:

Armour
 a - a +0 robe (worn)
Jewellery
 N - a ring of positive energy (left claw)
Scrolls
 f - a scroll of enchant weapon {unknown}
Potions
 b - a potion of magic
 c - a potion of might {unknown}
 d - a potion of degeneration {unknown}
 e - a potion of curing {unknown}
 g - a potion of heal wounds {unknown}
 h - a potion of brilliance {unknown}
 i - a potion of attraction {unknown}

Dungeon Overview and Level Annotations

Branches:
Dungeon (2/15)

Altars:

Annotations:
D:2 Sigmund

.. .. .
# .#.#
###...#
##....#
#@.#..#
#{h..#
#..###
#..#
....
....##
....##
...###
#.##


You could see a jackal.


Message History

* * * LOW HITPOINT WARNING * * *
Unknown command.
You scratch Sigmund.
Sigmund is heavily wounded.
Unknown command.
You closely miss Sigmund.
Sigmund is heavily wounded.
Sigmund barely misses you.
Unknown command.
You scratch Sigmund.
Sigmund is severely wounded.
Sigmund hits you with a +0 scythe.
* * * LOW HITPOINT WARNING * * *
Unknown command.
You scratch Sigmund but do no damage.
Sigmund is severely wounded.
A jackal comes into view.
Unknown command.
The jackal barks!
You claw Sigmund!
Sigmund is almost dead.
You hear an angry hiss.
You hear a bark!
Sigmund mumbles some strange words.
Sigmund flickers and vanishes!
Deactivating autopickup; reactivate with Ctrl-A.
You miss something. Something hits you.
* * * LOW HITPOINT WARNING * * *
Unknown command.
You closely miss something. Something hits you!
You die...

Skill      XL: |  1  2 |
---------------+-------+-----
Conjurations   | 3 |  3.0
Unarmed Combat | 1 2 |  2.0
Fighting       | 1 |  1.0
Dodging        | |  1.5
Stealth        | |  1.0
Spellcasting   | |  1.2

Action                     || total
---------------------------++-------
  Melee: Unarmed           ||    55
         Punch             ||     1
 Armour: Robe              ||    28
  Dodge: Dodged            ||    22

Levels and vault maps discovered:
D:1:      dpeg_arrival_court, layout_rooms, basic_ecumenical_altar,
          solitary_fountain
D:2:      layout_rooms, basic_altar, minivault_24, st_stairs_7, uniq_sigmund

Notes
Turn   | Place    | Note
-------+----------+-------------------------------------------
     0 | D:1      | Jeffwins the Troll Conjurer began the quest for the Orb.
     0 | D:1      | Reached XP level 1. HP: 16/16 MP: 1/1
     8 | D:1      | Reached skill level 3 in Conjurations
    62 | D:1      | Reached skill level 1 in Unarmed Combat
    95 | D:1      | Reached XP level 2. HP: 26/26 MP: 2/2
   239 | D:1      | Found a faded altar of an unknown god.
   298 | D:1      | You fall into a shaft and drop 1 floor!
   424 | D:2      | Noticed Sigmund
   449 | D:2      | Reached skill level 1 in Fighting
   449 | D:2      | Reached skill level 2 in Unarmed Combat
   458 | D:2      | Slain by Sigmund

Vanquished Creatures
  A bat (D:1)
  2 endoplasms
  A giant cockroach (D:1)
  3 goblins
  3 hobgoblins
  A kobold (D:1)
  A quokka (D:1)
  5 ball pythons
  A frilled lizard (D:1)
  2 rats (D:1)
20 creatures vanquished.

Table legend: (Time is in decaauts)
 A = Elapsed time spent in this place.
 B = Non-inter-level travel time spent in this place.
 C = Inter-level travel time spent in this place.
 D = Time resting spent in this place.
 E = Time spent auto-exploring this place.
 F = Levels seen in this place.
 G = Mean time per level.
                   A        B        C        D        E       F      G
               +--------+--------+--------+--------+--------+-----+--------+
         Total |    457 |    455 |      2 |     11 |    283 |   2 |  228.5 |
       Dungeon |    457 |    455 |      2 |     11 |    283 |   2 |  228.5 |
               +--------+--------+--------+--------+--------+-----+--------+

Top non-repeatable levels by time:
     D:1: 405 daAuts
     D:2: 51 daAuts

Table legend:
 A = Non-vault XP
 B = Vault XP
 C = Vault XP percentage of total XP
 D = Non-vault monster count
 E = Vault monster count
 F = Vault count percentage of total count
                 A         B        C        D         E       F
            +---------+---------+-------+---------+---------+-------
      Total |      30 |       4 |  11.8 |      18 |       2 |  10.0
            +---------+---------+-------+---------+---------+-------
        D:1 |      26 |       0 |   0.0 |      16 |       0 |   0.0
        D:2 |       4 |       4 |  50.0 |       2 |       2 |  50.0
            +---------+---------+-------+---------+---------+-------
